Map: Frozen Temple

Players

Miszu - Winner!

  • Race: Terran Terran
  • League: Master

MonstR

  • Race: Terran Terran
  • League: Master

VOD

Have the link to the VOD?

Description

Time

  • Played on: May 2, 2016, 10:38 a.m.
  • Length: 5:17
Show
View Real Time Build Order
Export as new Build Order

Miszu Terran - Winner!

Build Orders: 1/1/1 

Get SALT Encoding   

  12  0:00  SCV  
  13  0:13  SCV  
  14  0:17  Supply Depot  
  14  0:25  SCV  
  15  0:28  Refinery  
  15  0:38  SCV  
  16  0:46  Barracks  
  16  0:51  SCV  
  17  1:02  Refinery  
  17  1:03  SCV  
  18  1:15  SCV  
  19  1:28  SCV  
  20  1:35  Factory  
  20  1:37  Reaper  
  21  1:41  Orbital Command  
  21  1:47  Supply Depot  
  21  2:07  SCV  
  22  2:09  Reaper  
  23  2:19  Starport, SCV  
  23  2:20  Hellion  
  26  2:31  SCV  
  26  2:34  Supply Depot  
  27  2:41  Hellion, Reaper  
  30  2:45  SCV  
  31  2:56  Medivac  
  33  2:58  SCV  
  33  3:04  Hellion  
  36  3:11  SCV  
  37  3:21  Barracks Tech Lab  
  38  3:30  Viking  
  38  3:32  Command Center  
  39  3:38  Supply Depot  
  39  3:51  Barracks Reactor  
  39  3:55  SCV  
  39  3:59  Hellion  
  37  4:17  Command Center  
  37  4:22  SCV  
  38  4:27  Viking  
  40  4:40  SCV  
  40  4:42  Siege Tank  
  42  4:51  SCV  
  43  5:03  SCV  
Show
View Real Time Build Order
Export as new Build Order

MonstR Terran 

Build Orders: Liberator Opening, Reaper Expand 

Get SALT Encoding   

  12  0:04  SCV  
  13  0:16  SCV  
  14  0:25  Supply Depot  
  14  0:28  SCV  
  15  0:45  Refinery  
  15  0:46  SCV  
  15  0:47  Barracks  
  16  0:59  SCV  
  17  1:11  SCV  
  18  1:23  SCV  
  19  1:35  Reaper, Orbital Command  
  20  1:46  Command Center  
  20  1:52  Supply Depot  
  20  2:00  SCV  
  21  2:08  Factory  
  21  2:09  Marine  
  21  2:13  SCV  
  23  2:22  Refinery  
  23  2:25  SCV  
  23  2:27  Marine  
  25  2:37  SCV  
  26  2:45  Barracks Reactor  
  26  2:49  SCV  
  27  2:53  Hellion  
  27  2:54  Starport  
  29  2:59  Orbital Command  
  29  3:01  SCV  
  30  3:13  SCV  
  30  3:14  Factory Tech Lab  
  31  3:20  Supply Depot  
  31  3:22  Marine x2  
  31  3:25  SCV  
  34  3:27  SCV  
  34  3:31  Liberator  
  35  3:34  Siege Tank  
  35  3:37  SCV  
  35  3:39  SCV  
  35  3:40  Marine x2  
  42  3:49  SCV  
  42  3:51  SCV  
  46  4:02  Marine  
  46  4:03  Marine  
  46  4:15  Siege Tank  
  48  4:20  Marine x2  
  50  4:30  Refinery  
  50  4:31  Refinery  
  50  4:36  Command Center  
  45  4:41  Marine x2  
Tags
 
Add a new tag
Caveats
  • Supply blocks, unpowered buildings, or Contaminate may cause inaccurate times.
  • Supply counts are checked every 10 seconds.